 Dungeon Crawl Stone Soup version 0.30-a0-585-g93115170b9 (webtiles) character file.

Game seed: 5897296686474108169

2581966 wormed the Ninja (level 27, 138/184 HPs)
             Began as a Kobold Delver on Jan 1, 2023.
             Was a Follower of Uskayaw.
             Escaped with the Orb
             ... and 4 runes on Jan 2, 2023!
             The game lasted 02:30:20 (59296 turns).

wormed the Ninja (Kobold Delver)                   Turns: 59296, Time: 02:30:20

Health: 138/184    AC: 20    Str: 15    XL:     27
Magic:  37/37      EV: 49    Int: 10    God:    Uskayaw [*.....]
Gold:   5147       SH: 24    Dex: 34    Spells: 26/26 levels left

rFire   . . .      SeeInvis .    C - +8 arc blade {discharge, rElec}
rCold   + . .      Faith    +    b - +1 kite shield {AC+3}
rNeg    . . .      Spirit   .    P - +3 troll leather armour
rPois   .          Reflect  .    Q - +2 hat {Stlth+}
rElec   +          Harm     +    K - +2 cloak of the Twenty Mystics {Dex+8}
rCorr   .          Rampage  +    i - +3 pair of gauntlets of War {Slay+5}
Will    +++++                    a - +0 pair of boots "Lousk" {Rampage Stlth+}
Stlth   +++++++                  W - amulet of Maafio {Faith Harm Fragile Will+++ Stlth-}
HPRegen 1.30/turn                o - ring of Shadows {Umbra +Inv Stlth+}
MPRegen 0.25/turn                y - ring "Idextauda" {rC+ Slay+5}

@: wreathed by umbra
A: small, no large weapons, nightstalker 3, large bone plates 1, dopey 1, strong
1
0: Orb of Zot
}: 4/15 runes: decaying, slimy, silver, gossamer
a: Renounce Religion, Evoke Invisibility, Stomp


You escaped.
You worshipped Uskayaw.
Uskayaw was greatly pleased with you.
You visited 11 branches of the dungeon, and saw 53 of its levels.
You visited the Abyss 1 time.
You visited 1 bazaar.
You also visited: Trove, Ossuary and Volcano.

You collected 11289 gold pieces.
You spent 6142 gold pieces at shops.

Inventory:

Hand Weapons
 C - the +8 arc blade (weapon) {discharge, rElec}
   (You bought it in a shop on level 8 of the Dungeon)

   It occasionally unleashes powerful arcs of lightning upon striking a foe.
   These may arc to other adjacent creatures (including the wielder, but dealing
   reduced damage to them) before grounding out.
   rElec:     It insulates you from electricity.
Armour
 a - the +0 pair of boots "Lousk" (worn) {Rampage Stlth+}
   (You found it in a treasure trove)

   Rampage:   It bestows one free step when moving towards enemies.
   Stlth:     It makes you more stealthy.
 b - a +1 kite shield of protection (worn)
 i - the +3 pair of gauntlets of War (worn) {Slay+5}
   (You bought it in a shop on level 1 of the Vaults)

   Slay:      It affects your accuracy & damage with ranged weapons and melee
   (+5).
 n - a +1 pair of boots of flying
 K - the +2 cloak of the Twenty Mystics (worn) {Dex+8}
   (You found it on level 7 of the Dungeon)

   Dex:       It affects your dexterity (+8).
 P - a +3 troll leather armour (worn)
 Q - a +2 hat of stealth (worn)
Jewellery
 o - the ring of Shadows (left hand) {Umbra +Inv Stlth+}
   (You found it on level 3 of the Elven Halls)

   [ring of stealth]

   It surrounds you with an aura of shadow, increasing your stealth and reducing
   the accuracy of all others within it.
   +Inv:      It lets you turn invisible.
   Stlth:     It makes you more stealthy.
 v - a ring of protection from cold
 y - the ring "Idextauda" (right hand) {rC+ Slay+5}
   (You found it on level 3 of the Lair of Beasts)

   [ring of protection from cold]

   Slay:      It affects your accuracy & damage with ranged weapons and melee
   (+5).
   rC:        It protects you from cold.
 A - a ring of poison resistance
 I - an amulet of regeneration
 M - the ring "Apru" {rPois rN+ MP+9}
   (You found it on level 5 of the Pits of Slime)

   [ring of poison resistance]

   rPois:     It protects you from poison.
   rN:        It protects you from negative energy.
   MP:        It affects your magic capacity (+9).
 N - the ring "Loanut" {rElec rN+++ MP+9 EV+5 Dex-2}
   (You found it on level 5 of the Vaults)

   [ring of evasion]

   EV:        It affects your evasion (+5).
   Dex:       It affects your dexterity (-2).
   rElec:     It insulates you from electricity.
   rN:        It renders you almost immune to negative energy.
   MP:        It affects your magic capacity (+9).
 O - a ring of resist corrosion
 T - a +4 ring of slaying
 W - the amulet of Maafio (around neck) {Faith Harm Fragile Will+++ Stlth-}
   (You took it off a deep elf demonologist on level 3 of the Elven Halls)

   [amulet of faith]

   It allows you to gain divine favour quickly.
   Fragile:   It will be destroyed if unequipped.
   Harm:      It increases damage dealt and taken.
   Will:      It greatly increases your willpower.
   Stlth:     It makes you less stealthy.
Wands
 g - a wand of digging (11)
 h - a wand of roots (34)
 m - a wand of mindburst (51)
 p - a wand of polymorph (8)
 u - a wand of flame (159)
 V - a wand of paralysis (45)
 Y - a wand of light (41)
Scrolls
 c - 13 scrolls of fog
 d - 21 scrolls of teleportation
 j - 11 scrolls of immolation
 r - 8 scrolls of poison
 s - 5 scrolls of torment
 x - 10 scrolls of fear
 D - 11 scrolls of magic mapping
 E - 7 scrolls of silence
 F - 13 scrolls of vulnerability
 G - 4 scrolls of blinking
 H - a scroll of enchant weapon
 U - 4 scrolls of butterflies
Potions
 e - 4 potions of magic
 f - 5 potions of haste
 k - 6 potions of ambrosia
 l - 7 potions of brilliance
 q - 7 potions of flight
 t - 3 potions of berserk rage
 w - 8 potions of mutation
 z - 9 potions of might
 B - 27 potions of curing
 J - 3 potions of resistance
 L - 6 potions of invisibility
 R - 5 potions of cancellation
 S - 6 potions of attraction
 X - 6 potions of lignification
 Z - 2 potions of heal wounds


   Skills:
 + Level 22.1 Fighting
 + Level 25.5 Short Blades
 + Level 25.4 Dodging
 O Level 27 Stealth
 + Level 17.5 Shields
 + Level 21.8 Invocations
 + Level 16.7 Evocations


You had 26 spell levels left.
You didn't know any spells.
Your spell library contained the following spells:

 Spells                   Type           Power      Damage    Failure   Level
 Apportation              Tloc           0%         N/A       65%         1
 Beastly Appendage        Tmut           0%         N/A       65%         1
 Freeze                   Ice            0%         1d3       65%         1
 Magic Dart               Conj           0%         1d3       65%         1
 Necrotise                Necr           0%         1d4       65%         1
 Sandblast                Erth           0%         2d4       65%         1
 Shock                    Conj/Air       0%         1d3       65%         1
 Slow                     Hex            0%         N/A       65%         1
 Sting                    Tmut/Pois      0%         1d3       65%         1
 Summon Small Mammal      Summ           0%         N/A       65%         1
 Blink                    Tloc           0%         N/A       80%         2
 Call Imp                 Summ           0%         N/A       80%         2
 Cigotuvi's Dreadful Rot  Necr/Pois/Air  0%         N/A       80%         2
 Ensorcelled Hibernation  Hex/Ice        0%         N/A       80%         2
 Passwall                 Tmut/Erth      0%         N/A       80%         2
 Poisonous Vapours        Pois/Air       0%         N/A       80%         2
 Searing Ray              Conj           0%         2d4       80%         2
 Static Discharge         Conj/Air       0%         2-2/arc   80%         2
 Sublimation of Blood     Necr           0%         N/A       80%         2
 Wereblood                Tmut           0%         N/A       80%         2
 Call Canine Familiar     Summ           0%         N/A       95%         3
 Confusing Touch          Hex            0%         N/A       95%         3
 Dazzling Flash           Conj/Hex       0%         N/A       95%         3
 Frozen Ramparts          Ice            0%         1d1       95%         3
 Gell's Gravitas          Tloc           0%         N/A       95%         3
 Hailstorm                Conj/Ice       0%         3d3       95%         3
 Ignite Poison            Fire/Tmut/Pois 0%         N/A       95%         3
 Kindle Blastsparks       Fire/Tloc/Air  0%         2d10      95%         3
 Lesser Beckoning         Tloc           0%         N/A       95%         3
 Mephitic Cloud           Conj/Pois/Air  0%         N/A       95%         3
 Portal Projectile        Hex/Tloc       0%         N/A       95%         3
 Spider Form              Tmut/Pois      0%         N/A       95%         3
 Stone Arrow              Conj/Erth      0%         3d7       95%         3
 Summon Guardian Golem    Hex/Summ       0%         N/A       95%         3
 Swiftness                Air            0%         N/A       95%         3
 Teleport Other           Tloc           0%         N/A       95%         3
 Tukima's Dance           Hex            0%         N/A       95%         3
 Vampiric Draining        Necr           0%         2d6       95%         3
 Vhi's Electric Charge    Tloc/Air       0%         N/A       95%         3
 Airstrike                Air            0%         2d(0-16)  100%        4
 Anguish                  Hex/Necr       0%         N/A       100%        4
 Animate Armour           Summ/Erth      0%         N/A       100%        4
 Animate Dead             Necr           0%         N/A       100%        4
 Cause Fear               Hex            0%         N/A       100%        4
 Fulminant Prism          Conj/Hex       0%         3d5       100%        4
 Ice Form                 Ice/Tmut       0%         N/A       100%        4
 Iskenderun's Mystic Bla  Conj/Tloc      0%         2d3       100%        4
 Leda's Liquefaction      Hex/Erth       0%         N/A       100%        4
 Manifold Assault         Tloc           0%         N/A       100%        4
 Olgreb's Toxic Radiance  Pois           0%         N/A       100%        4
 Passage of Golubria      Tloc           0%         N/A       100%        4
 Petrify                  Tmut/Erth      0%         N/A       100%        4
 Sticky Flame             Conj/Fire      0%         2d3       100%        4
 Summon Ice Beast         Ice/Summ       0%         N/A       100%        4
 Agony                    Necr           0%         N/A       100%        5
 Alistair's Intoxication  Tmut/Pois      0%         N/A       100%        5
 Arcjolt                  Conj/Air       0%         1d10      100%        5
 Blade Hands              Tmut           0%         N/A       100%        5
 Freezing Cloud           Conj/Ice/Air   0%         6-21      100%        5
 Irradiate                Conj/Tmut      0%         3d11      100%        5
 Lee's Rapid Deconstruct  Erth           0%         3d4*      100%        5
 Lightning Bolt           Conj/Air       0%         1d11      100%        5
 Metabolic Englaciation   Hex/Ice        0%         N/A       100%        5
 Silence                  Hex/Air        0%         N/A       100%        5
 Summon Forest            Summ/Tloc      0%         N/A       100%        5
 Summon Mana Viper        Hex/Summ       0%         N/A       100%        5
 Yara's Violent Unravell  Hex/Tmut       0%         3d3       100%        5
 Conjure Ball Lightning   Conj/Air       0%         3x3d6     100%        6
 Eringya's Noxious Bog    Tmut/Pois      0%         N/A       100%        6
 Iron Shot                Conj/Erth      0%         9d1       100%        6
 Simulacrum               Ice/Necr       0%         N/A       100%        6
 Starburst                Conj/Fire      0%         6d3       100%        6
 Statue Form              Tmut/Erth      0%         N/A       100%        6
 Dragon Form              Tmut           0%         N/A       100%        7
 Enfeeble                 Hex            0%         N/A       100%        7
 Haunt                    Necr/Summ      0%         N/A       100%        7
 Monstrous Menagerie      Summ           0%         N/A       100%        7
 Ozocubu's Refrigeration  Ice            0%         4d7       100%        7
 Storm Form               Tmut/Air       0%         N/A       100%        7
 Summon Hydra             Summ           0%         N/A       100%        7
 Discord                  Hex            0%         N/A       100%        8
 Disjunction              Tloc           0%         N/A       100%        8
 Ignition                 Fire           0%         3d3       100%        8
 Infestation              Necr           0%         N/A       100%        8
 Lehudib's Crystal Spear  Conj/Erth      0%         10d2      100%        8
 Maxwell's Capacitive Co  Air            0%         ∞         100%        8
 Necromutation            Tmut/Necr      0%         N/A       100%        8
 Chain Lightning          Conj/Air       0%         N/A       100%        9
 Dragon's Call            Summ           0%         N/A       100%        9
 Polar Vortex             Ice            0%         N/A       100%        9


Dungeon Overview and Level Annotations

Branches:
Dungeon (15/15)            Temple (1/1) D:4            Lair (5/5) D:11
  Swamp (4/4) Lair:2       Spider (4/4) Lair:2        Slime (5/5) Lair:5
    Orc (2/2) D:11            Elf (3/3) Orc:2        Vaults (5/5) D:14
  Crypt (0/3) Vaults:2     Depths (4/4) D:15            Zot (5/5) Depths:4
Ossuary (visited)         Volcano (visited)

Altars:
Ashenzari
Cheibriados
Dithmenos
Elyvilon
Fedhas
Gozag
Kikubaaqudgha
Makhleb
Nemelex Xobeh
Ru
Trog
Uskayaw
Vehumet
Wu Jian
Xom
Yredelemnul
Zin
The Shining One
Jiyva

Shops:
D:4 *   D:7 !   D:8 ((([   D:15 !   Orc:1 =?   Orc:2 :*[*:   Elf:1 *   Elf:3 [
Vaults:1 [   Vaults:2 (   Vaults:3 *?   Depths:1 :=:   Depths:2 *
Depths:3 =*(([

Portals:
Hell: Depths:1 Depths:2 Depths:3 Depths:4
Abyss: Depths:3
Pandemonium: Orc:2 Depths:1 Depths:2
Ziggurat: Depths:4

Annotations:
Swamp:3 2 transporters, Enkazo Toplu's ghost, adept AtWr


Innate Abilities, Weirdness & Mutations

You are small and have problems with some larger weapons.
You are completely attuned to the shadows.
You are partially covered in large bone plates. (SH +4)
You are dopey. (Int -2)
Your muscles are strong. (Str +4, Int/Dex -1)


Message History

The large abomination is struck by an arc of lightning!
You destroy the large abomination!
The Executioner is struck by an arc of lightning!
The Executioner resists.
The Executioner is heavily wounded.
You resist.
You are struck by an arc of lightning.
The lightning grounds out.
The Executioner is heavily wounded.
You block the Executioner's attack. The Executioner misses you.
You block the Executioner's attack. The Executioner hits you!!
The Executioner barely misses you. You block the Executioner's attack.
You can now pass through a line of other dancers.
You impale the Executioner!!
You kill the Executioner!
Uskayaw will force your foes to helplessly watch your dance.
You see here a +0 dagger.
A smoke demon comes into view.
You rampage towards the smoke demon!
Pobbinall comes into view.
You impale the smoke demon!!
The smoke demon is severely wounded.
You puncture the smoke demon!
The arc blade crackles.
The air crackles with electrical energy.
You kill the smoke demon!
Okay, then.
You rampage towards Pobbinall!
You puncture Pobbinall!
Pobbinall is lightly wounded.
Pobbinall gestures at you. The lance of force hits you!!
You are knocked back by the lance of force.
You slam into the rock wall!
You can now pass through a line of other dancers.
Pobbinall gestures at you. The bolt of acid hits you!!!
Blink to where?
Press: ? - help, Dir - move target
As you read the scroll of blinking, it crumbles to dust.
You can no longer pass through a line of other dancers.
You see here a +0 robe.
There is a staircase leading out of the dungeon here.
You have escaped!

.........[...............#
..############.....##....#
#..##########...#...##...#
...........#...###...#...#
####.......#...# #...#...#
###....##..#####..#####
#....#...........#..#
#######...........#..#
#####.....#.⌠...@...⌠.#..#
......#####...........##.#
.##########...........##.#
.##.......####..#..#####.#
....####....###...## #.#
.............#.....#####.#
.######.##.......##...##.########
.# #...............#..........#
.#####...#..##########...)......#


There were no monsters in sight!

Vanquished Creatures
  the Royal Jelly (Slime:5)
  2 dread liches
  3 orbs of fire
  8 ancient liches
  A pandemonium lord (D:10)
  Mennas (Vaults:2)
  2 juggernauts
  2 Killer Klowns (Zot:5)
  Parghit (Zot:1)
  Xtahua (Vaults:4)
  2 curse toes
  4 caustic shrikes
  Nikola (Spider:1)
  10 golden dragons
  Arachne (Spider:4)
  A bone dragon (Abyss:2)
  the Enchantress (Depths:3)
  3 electric golems
  A hellephant (Depths:3)
  14 tentacled monstrosities
  2 walking crystal tomes
  Jorgrun (D:12)
  4 liches
  A deep elf blademaster (Elf:2)
  A Hell Sentinel (Depths:4)
  Zenata (Elf:2)
  3 titans (Vaults:5)
  27 Orb Guardians
  8 quicksilver dragons
  27 acid blobs
  6 sphinxes
  A walking divine tome (Depths:3)
  5 death cobs
  An Executioner (D:1)
  A deep elf master archer (Elf:3)
  16 storm dragons
  Kirke (D:12)
  2 thorn hunters
  7 shadow dragons
  3 tengu reavers
  12 draconian monks
  Donald (Swamp:4)
  16 fire giants
  A daeva (Depths:1)
  5 draconian knights
  4 fenstrider witches
  13 rockslimes
  3 iron dragons
  10 azure jellies
  10 deep elf sorcerers
  12 frost giants
  8 ghost moths
  A juggernaut zombie (Depths:1)
  3 emperor scorpions
  Louise (D:15)
  3 draconian scorchers
  A cacodemon (D:14)
  15 vault wardens
  2 draconian stormcallers
  3 ghouls
  6 deep elf elementalists (Elf:3)
  2 draconian shifters
  Aizul (Swamp:1)
  A caustic shrike skeleton (Abyss:2)
  A war gargoyle (Vaults:5)
  14 ironbound preservers
  2 broodmothers
  21 stone giants
  35 very ugly things
  2 demonspawn blood saints (D:14)
  3 spriggan defenders (Depths:3)
  6 draconian annihilators
  8 quicksilver oozes (Slime:5)
  Nessos (Lair:3)
  Azrael (Elf:1)
  5 ironbound thunderhulks
  8 deep elf demonologists
  A demonspawn black sun (Depths:4)
  3 vampire knights
  7 black draconians
  7 eleionomae
  10 purple draconians
  A lorocyproca (Depths:4)
  6 yellow draconians
  7 bunyips
  9 deep elf annihilators
  12 red draconians
  15 green draconians
  10 white draconians
  13 spark wasps
  6 dire elephants
  7 deep elf death magi
  3 blizzard demons
  18 ettins
  2 green deaths
  3 shambling mangroves
  3 entropy weavers
  Josephine (Spider:1)
  9 fire dragons
  6 great orbs of eyes
  5 deep elf high priests
  20 yaktaur captains
  8 ice dragons
  3 demonspawn (Orc:2)
  5 ghost crabs
  10 hydras
  4 jorogumos
  4 spriggan air magi
  27 vault guards
  5 rakshasas
  A hell beast (Depths:3)
  5 radroaches
  2 ogre magi
  4 catoblepae
  13 centaur warriors
  5 ironbound frosthearts
  A spriggan skeleton (Depths:1)
  10 alligators
  11 boulder beetles
  A death scarab (Spider:3)
  6 two-headed ogres
  3 deep troll shamans
  25 dancing weapons
  4 deep troll earth magi
  5 satyrs (Depths:3)
  15 death yaks (Lair:5)
  6 tengu warriors
  13 hell hogs
  9 orc high priests (Orc:2)
  2 vampire magi
  A shock serpent (shapeshifter) (Elf:1)
  8 spriggan berserkers
  4 sun demons (Volcano)
  A titan zombie (Depths:1)
  19 deep elf knights
  3 soul eaters
  3 hell knights
  21 spriggans
  A titan skeleton (Vaults:2)
  A goliath frog (shapeshifter) (D:14)
  12 skeletal warriors
  3 iron trolls
  2 sixfirhies
  2 sun moths (Spider:4)
  7 pharaoh ants
  A death drake (Depths:4)
  A goliath frog (Swamp:3)
  A glowing orange brain (Vaults:4)
  42 deep trolls
  A deep troll (shapeshifter) (Depths:2)
  3 bog bodies
  6 spriggan druids
  13 orb spiders
  3 swamp dragons
  11 wizards
  6 harpies
  7 deep elf archers
  2 lindwurms (Vaults:3)
  A shadow demon (Depths:1)
  3 flayed ghosts
  4 steelbarb worms
  A swamp dragon (shapeshifter) (Vaults:5)
  145 slime creatures
  6 phantasmal warriors
  15 ironbound convokers
  Pikel (D:6)
  A spectral hydra (Lair:2)
  A lindwurm (shapeshifter) (Depths:4)
  5 necromancers
  4 orc knights (Orc:2)
  22 wolf spiders
  A salamander (shapeshifter) (Elf:1)
  3 oklob plants
  23 deep elf pyromancers
  A tengu zombie (Depths:3)
  26 deep elf zephyrmancers
  7 shining eyes
  2 will-o-the-wisps
  7 orc sorcerers
  8 cyclopes
  4 manticores
  28 ugly things
  A worldbinder (Abyss:2)
  2 fauns (Depths:3)
  A salamander (Depths:2)
  A stone giant skeleton (Vaults:2)
  3 fire giant skeletons
  26 elephants
  A naga mage (D:15)
  2 rust devils
  38 moths of wrath
  3 eyes of devastation (Slime:5)
  12 smoke demons
  21 vault sentinels
  An eye of devastation (shapeshifter) (Vaults:5)
  A human skeleton (Vaults:2)
  6 black mambas
  8 orange demons
  Maggie (Lair:1)
  6 cane toads
  3 rime drakes
  An unseen horror (D:10)
  7 torpor snails
  15 demonic crawlers
  2 redback zombies (D:10)
  A centaur skeleton (D:10)
  33 yaktaurs
  2 tormentors
  2 yaktaur skeletons (Vaults:2)
  6 tengu conjurers
  An ancient zyme (Abyss:2)
  12 komodo dragons
  2 freezing wraiths
  5 trolls
  2 ice devils
  5 meliai
  A bloated husk (Swamp:3)
  A troll (shapeshifter) (Depths:3)
  5 polar bears
  A meliai (shapeshifter) (D:14)
  A spectral elephant (Lair:2)
  5 tyrant leeches
  9 hellwings
  A queen bee (shapeshifter) (D:15)
  13 tarantellas
  10 blink frogs
  21 hornets
  29 culicivoras
  2 shadows (D:14)
  2 centaur simulacra (D:15)
  A ynoxinul (Depths:1)
  37 jumping spiders
  2 wyverns
  A water elemental (Elf:1)
  6 large abominations
  8 wraiths
  5 fire elementals (Elf:1)
  56 yaks
  2 vampires
  2 fire bats (Depths:2)
  A golden eye (shapeshifter) (D:14)
  3 basilisks
  A chaos spawn (Zot:1)
  2 steam dragons
  63 redbacks
  A spectral komodo dragon (Lair:2)
  4 neqoxecs
  20 golden eyes
  11 vampire mosquitoes
  A glowing shapeshifter zombie (Depths:3)
  12 swamp worms
  9 hell hounds
  3 acid dragons
  19 water moccasins
  An ogre skeleton (Vaults:2)
  2 spectral yaks (Lair:2)
  A spectral polar bear (Lair:2)
  A floating eye (Depths:2)
  5 ice beasts
  A black bear (shapeshifter) (D:14)
  31 orc warriors
  4 boggarts (Vaults:1)
  8 ogres
  The ghost of Heh the Trooper, an amateur OpFi (D:4)
  10 wolves
  17 centaurs
  3 lemures
  4 elf zombies
  3 kobold brigands
  11 bullfrogs
  3 necrophages
  2 gnoll sergeants
  A spectral water moccasin (Lair:2)
  A scorpion (D:4)
  A glowing shapeshifter simulacrum (Depths:1)
  2 earth elementals
  7 elf skeletons
  5 killer bees (D:10)
  2 howler monkeys
  12 centaur zombies
  2 bullfrog zombies (D:4)
  4 hounds
  27 orc priests
  Jessica (D:2)
  2 iguanas (D:5)
  Terence (D:2)
  18 orc wizards
  3 yak simulacra (Lair:3)
  A boggart skeleton (D:10)
  5 wolf simulacra (Lair:3)
  4 mummies (Ossuary)
  Robin (D:2)
  6 adders
  9 gnolls
  11 shadow imps
  3 white imps (D:6)
  2 dart slugs
  75 orcs
  10 endoplasms
  3 giant cockroaches
  16 goblins
  6 hobgoblins
  14 kobolds
  3 quokkas
  5 ball pythons
  3 bats
  2 frilled lizards
  6 hobgoblin zombies (Ossuary)
  3 orc zombies (D:6)
  7 rats
  3 river rat simulacra (Lair:3)
  A bush (Bazaar)
2314 creatures vanquished.

Vanquished Creatures (others)
  A deep elf annihilator (Elf:3)
  A purple draconian (Depths:4)
  A wizard (Swamp:4)
  3 bloated husks (Swamp:3)
  3 humans (D:12)
  2 orc wizards
  A boggart zombie (D:15)
  An orc (D:6)
  A bush (Lair:4)
  22 fungi
  50 plants
  10 withered plants
96 creatures vanquished.

Grand Total: 2410 creatures vanquished

Notes
Turn   | Place    | Note
-------+----------+-------------------------------------------
     0 | D:5      | wormed the Kobold Delver began the quest for the Orb.
     0 | D:5      | Reached XP level 1. HP: 14/14 MP: 1/1
   105 | D:4      | Noticed a scorpion
   275 | D:4      | Noticed an orc priest
   401 | D:2      | Noticed Jessica
   405 | D:2      | Killed Jessica
   406 | D:2      | Reached XP level 2. HP: 19/19 MP: 2/2
   406 | D:2      | Reached XP level 3. HP: 23/23 MP: 3/3
   607 | D:2      | Noticed Terence
   611 | D:2      | Killed Terence
   612 | D:2      | Reached skill level 7 in Stealth
   612 | D:2      | Reached XP level 4. HP: 29/29 MP: 4/4
   810 | D:2      | Noticed Robin
  1268 | D:1      | Reached XP level 5. HP: 33/33 MP: 5/5
  1844 | D:2      | Killed Robin
  2246 | D:3      | Reached skill level 5 in Short Blades
  2252 | D:3      | Reached XP level 6. HP: 38/38 MP: 6/6
  2657 | D:4      | Found Becyxzet's Serpentskin Sales.
  2747 | D:4      | Found a transporter.
  2747 | D:4      | Found a transporter.
  2747 | D:4      | Noticed Heh's ghost (amateur OpFi)
  2753 | D:4      | Noticed an ogre
  2757 | D:4      | Killed an ogre
  2937 | D:4      | Found a staircase to the Ecumenical Temple.
  2943 | Temple   | Entered the Ecumenical Temple
  3071 | Temple   | Became a worshipper of Uskayaw the Reveller
  3252 | D:4      | Reached * piety under Uskayaw
  3253 | D:4      | Reached skill level 8 in Stealth
  3253 | D:4      | Reached XP level 7. HP: 44/44 MP: 7/7
  3753 | D:5      | Found a transporter.
  3787 | D:5      | Reached ** piety under Uskayaw
  3790 | D:5      | Reached *** piety under Uskayaw
  3796 | D:5      | Reached **** piety under Uskayaw
  3914 | D:5      | Reached skill level 5 in Fighting
  4169 | D:5      | Reached skill level 1 in Invocations
  4169 | D:5      | Reached XP level 8. HP: 13/49 MP: 7/9
  4373 | D:5      | Found a transporter.
  4932 | D:6      | Noticed Pikel
  4984 | D:6      | Reached skill level 5 in Dodging
  5317 | D:6      | Found a sand-covered staircase.
  5323 | Ossuary  | Entered an ossuary
  5359 | Ossuary  | Reached skill level 9 in Stealth
  5875 | D:6      | Reached XP level 9. HP: 55/55 MP: 11/11
  6430 | D:7      | Found a white marble altar of Elyvilon.
  6498 | D:7      | Found Uhat's Distillery.
  6594 | D:7      | Identified the +2 cloak of the Twenty Mystics {Dex+8}
  6648 | D:7      | Bought a potion of curing for 45 gold pieces
  6648 | D:7      | Bought a potion of might for 60 gold pieces
  6648 | D:7      | Bought a potion of heal wounds for 75 gold pieces
  6916 | D:7      | Reached skill level 5 in Invocations
  7002 | D:7      | Found a glowing silver altar of Zin.
  7156 | D:6      | Reached ***** piety under Uskayaw
  7573 | D:6      | Killed Pikel
  7574 | D:6      | Reached skill level 10 in Short Blades
  7574 | D:6      | Reached skill level 10 in Stealth
  7574 | D:6      | Reached XP level 10. HP: 33/61 MP: 9/14
  7779 | D:8      | Found Iqacsae's Antique Weapon Emporium.
  7781 | D:8      | Found Beseson's Antique Weapon Shoppe.
  7783 | D:8      | Found Asmipp's Armour Emporium.
  7985 | D:8      | Found Cothrauf's Antique Weapon Boutique.
  8029 | D:8      | Identified 2 scrolls of acquirement
  8029 | D:8      | Acquired 270 gold pieces
  8031 | D:8      | Acquired 1101 gold pieces
  8170 | D:8      | Reached skill level 11 in Stealth
  8655 | D:9      | Noticed a two-headed ogre
  8660 | D:9      | Killed a two-headed ogre
  9131 | D:10     | Entered Level 10 of the Dungeon
  9209 | D:10     | Reached XP level 11. HP: 29/68 MP: 16/16
  9329 | D:10     | Reached skill level 12 in Stealth
  9823 | D:10     | Identified the +5 mace of Ethereal Reinforcement
                  | {antimagic, rPois rN+ rCorr}
 10066 | D:11     | Found a staircase to the Lair.
 10076 | D:11     | Reached XP level 12. HP: 76/76 MP: 18/18
 10628 | D:11     | Noticed a two-headed ogre
 10972 | D:11     | Found a staircase to the Orcish Mines.
 11094 | Lair:1   | Entered Level 1 of the Lair of Beasts
 11157 | Lair:1   | Reached skill level 13 in Stealth
 11320 | Lair:1   | Reached skill level 10 in Dodging
 11877 | Lair:1   | Noticed Maggie
 11881 | Lair:1   | Killed Maggie
 12128 | Lair:2   | Reached ****** piety under Uskayaw
 12205 | Lair:2   | Reached skill level 10 in Fighting
 12310 | Lair:2   | Reached skill level 14 in Stealth
 12310 | Lair:2   | Reached XP level 13. HP: 77/82 MP: 20/20
 12315 | Lair:2   | Acquired a manual of Dodging
 12484 | D:8      | Bought the +8 arc blade {discharge, rElec} for 2040 gold
                  | pieces
 12484 | D:8      | Found the +8 arc blade {discharge, rElec}
 12675 | Lair:2   | Reached skill level 10 in Invocations
 13005 | Lair:2   | Found a hole to the Spider Nest.
 13107 | Lair:2   | Found a staircase to the Swamp.
 13107 | Lair:2   | Noticed a ghost crab
 13114 | Lair:2   | Killed a ghost crab
 13261 | Lair:2   | Noticed a five-headed hydra
 13265 | Lair:2   | Killed a five-headed hydra
 13413 | Lair:3   | Identified the ring "Idextauda" {rC+ Slay+5}
 13428 | Lair:3   | Noticed Nessos
 13439 | Lair:3   | Killed Nessos
 13440 | Lair:3   | Reached skill level 15 in Stealth
 13444 | Lair:3   | Reached skill level 5 in Shields
 13444 | Lair:3   | Reached XP level 14. HP: 80/90 MP: 20/22
 14568 | Lair:4   | Found a blossoming altar of Fedhas.
 15227 | Lair:5   | Entered Level 5 of the Lair of Beasts
 15229 | Lair:5   | Reached skill level 16 in Stealth
 15229 | Lair:5   | Reached XP level 15. HP: 96/96 MP: 23/23
 15498 | Lair:5   | Reached skill level 15 in Dodging
 15832 | Lair:5   | Reached skill level 17 in Stealth
 15878 | Lair:5   | Got the Handbook of the Congealing Tempest
 15977 | Lair:5   | Reached skill level 15 in Short Blades
 16054 | Lair:5   | Found a staircase to the Slime Pits.
 16055 | Lair:5   | Found a viscous altar of Jiyva.
 16537 | D:12     | Noticed Kirke
 16538 | D:12     | Killed Kirke
 16539 | D:12     | Reached XP level 16. HP: 104/104 MP: 25/25
 16927 | D:12     | Noticed Jorgrun
 16930 | D:12     | Killed Jorgrun
 18218 | D:14     | Reached skill level 18 in Stealth
 18568 | D:14     | Found a gate to the Vaults.
 19275 | D:15     | Entered Level 15 of the Dungeon
 19447 | D:15     | Noticed Louise
 19451 | D:15     | Killed Louise
 19466 | D:15     | Found Daelif's Distillery.
 19616 | D:15     | Found a staircase to the Depths.
 19711 | D:15     | Reached XP level 17. HP: 85/110 MP: 27/27
 20425 | Orc:1    | Entered Level 1 of the Orcish Mines
 20557 | Orc:1    | Found Anabach's Jewellery Emporium.
 20566 | Orc:1    | Acquired 535 gold pieces
 20568 | Orc:1    | Bought a +4 ring of slaying for 1170 gold pieces
 20611 | Orc:1    | Found Watal's Magic Scroll Shop.
 20637 | Orc:1    | Bought a scroll of identify for 28 gold pieces
 20637 | Orc:1    | Bought a scroll of identify for 28 gold pieces
 20637 | Orc:1    | Bought a scroll of identify for 28 gold pieces
 20984 | Orc:2    | Entered Level 2 of the Orcish Mines
 21182 | Orc:2    | Found a shimmering altar of Xom.
 21401 | Orc:2    | Found Ladug's General Store.
 21402 | Orc:2    | Found Dimaomui's General Store.
 21596 | Orc:2    | Found a dark tunnel.
 21606 | Volcano  | Entered a volcano
 21998 | Orc:2    | Found a staircase to the Elven Halls.
 22035 | Orc:2    | Found Paeqeitt's Book Boutique.
 22338 | Orc:2    | Reached skill level 19 in Stealth
 22338 | Orc:2    | Found Huanihew's Antique Armour Shop.
 22338 | Orc:2    | Found Keiw's Book Boutique.
 22338 | Orc:2    | Found a one-way gate leading to the halls of Pandemonium.
 22382 | Orc:2    | Bought a transparent robe for 171 gold pieces
 22382 | Orc:2    | Identified the +0 robe of Rohitul {Str+5 Stlth+} (You
                  | bought it in a shop on level 2 of the Orcish Mines)
 22718 | Spider:1 | Entered Level 1 of the Spider Nest
 22888 | Spider:1 | Noticed Josephine
 22893 | Spider:1 | Killed Josephine
 23368 | Spider:1 | Noticed Nikola
 23387 | Spider:1 | Killed Nikola
 23478 | Spider:1 | Reached XP level 18. HP: 117/117 MP: 28/28
 23720 | Spider:2 | Identified the +0 chain mail "Zaociuz" {Slay+5}
 24456 | Spider:3 | Reached skill level 15 in Fighting
 24964 | Spider:3 | Reached skill level 15 in Invocations
 25134 | Spider:3 | Reached skill level 20 in Stealth
 25434 | Spider:4 | Entered Level 4 of the Spider Nest
 26092 | Spider:4 | Reached XP level 19. HP: 103/124 MP: 30/30
 26140 | Spider:4 | Identified the +1 scale mail of the Tundras {+Blink rCorr}
 26218 | Spider:4 | Noticed Arachne
 26229 | Spider:4 | Got a gossamer rune of Zot
 26555 | Spider:4 | Killed Arachne
 26624 | Spider:4 | Identified the +0 helmet of the Tarantula {*Corrode rPois
                  | Regen+ MP-9}
 27291 | Swamp:1  | Entered Level 1 of the Swamp
 27796 | Swamp:1  | Noticed Aizul
 27800 | Swamp:1  | Killed Aizul
 28684 | Swamp:3  | Found a transporter.
 28687 | Swamp:3  | Noticed Enkazo Toplu's ghost (adept AtWr)
 28690 | Swamp:3  | Noticed a tentacled monstrosity
 28710 | Swamp:3  | Reached skill level 21 in Stealth
 29020 | D:4      | Killed Heh's ghost
 29690 | Swamp:3  | Found a transporter.
 29757 | Swamp:3  | Reached XP level 20. HP: 132/132 MP: 32/32
 29921 | Swamp:4  | Entered Level 4 of the Swamp
 29934 | Swamp:4  | Noticed a tentacled monstrosity
 29939 | Swamp:4  | Killed a tentacled monstrosity
 30159 | Swamp:4  | Reached skill level 10 in Shields
 30184 | Swamp:4  | Identified the +11 morningstar of Zin's Generosity {heavy,
                  | rC+}
 30417 | Swamp:4  | Noticed Donald
 30422 | Swamp:4  | Killed Donald
 30579 | Swamp:4  | Got a decaying rune of Zot
 31070 | D:8      | Bought a +0 kite shield of protection for 138 gold pieces
 31475 | Elf:1    | Entered Level 1 of the Elven Halls
 31810 | Elf:1    | Found Kuddoam's Assorted Antiques.
 31815 | Elf:1    | Bought a bloodstained leather armour for 217 gold pieces
 31815 | Elf:1    | Identified the +2 leather armour of the Dropbear {Regen+
                  | Int+7 Dex-5} (You bought it in a shop on level 1 of the
                  | Elven Halls)
 31841 | Elf:1    | Noticed Azrael
 31849 | Elf:1    | Killed Azrael
 31994 | Elf:1    | Got Mywouk's Folio of Sciomancy
 32113 | Elf:1    | Found an ancient bone altar of Kikubaaqudgha.
 32371 | Elf:1    | Found a portal to a secret trove of treasure.
 32569 | Elf:2    | Found a runed translucent gate.
 32569 | Elf:2    | Found a runed translucent gate.
 32569 | Elf:2    | Found a runed translucent gate.
 32636 | Elf:2    | Reached XP level 21. HP: 122/138 MP: 33/33
 33026 | Elf:2    | Reached skill level 22 in Stealth
 33072 | Elf:2    | Noticed Zenata
 33082 | Elf:2    | Killed Zenata
 33428 | Elf:3    | Entered Level 3 of the Elven Halls
 33827 | Elf:3    | Found Qokeig's Armour Shoppe.
 34175 | Abyss:2  | Cast into level 2 of the Abyss (a deep elf sorcerer)
 34257 | Abyss:2  | Noticed a bone dragon
 34269 | Abyss:2  | Killed a bone dragon
 34341 | Elf:3    | Escaped the Abyss
 34520 | Elf:3    | Found the ring of Shadows {Umbra +Inv Stlth+}
 34565 | Elf:3    | Identified the +3 leather armour of Odaegu {rPois Str+4
                  | Dex-3 SInv}
 34565 | Elf:3    | Identified the amulet of Maafio {Faith Harm Fragile Will+++
                  | Stlth-}
 34590 | Elf:3    | Identified the +1 ring mail "Ruchiguh" {rC- Regen+ Str+4
                  | Int+8}
 34591 | Elf:3    | Identified the +0 ring mail of Peek-a-Boo {rC+ Int+4}
 34629 | Elf:3    | Identified the +0 great sword of Tiuj Rea {freeze, rElec}
 34631 | Elf:3    | Reached XP level 22. HP: 145/145 MP: 34/34
 34650 | Elf:3    | Got the Grimoire of Brilliant Obstruction
 34651 | Elf:3    | Identified the +5 glaive of Shame {drain, MP+9 Str+4 Dex+4}
 34673 | Elf:3    | Identified the +5 falchion of the Piercing Scorpion
                  | {antimagic, rN+++ Str+7 Dex-4}
 34984 | Vaults:1 | Entered Level 1 of the Vaults
 35183 | Vaults:1 | Found Veni Netus's Antique Armour Shop.
 35188 | Vaults:1 | Bought the +3 pair of gauntlets of War {Slay+5} for 1330
                  | gold pieces
 35188 | Vaults:1 | Found the +3 pair of gauntlets of War {Slay+5}
 36248 | Vaults:2 | Reached skill level 23 in Stealth
 36287 | Vaults:2 | Noticed Mennas
 36300 | Vaults:2 | Killed Mennas
 36469 | Vaults:2 | Found Witohurch's Antique Weapon Shop.
 36662 | Vaults:2 | Identified the +1 plate armour of the Moon {rN+ Str+2}
 37025 | Vaults:2 | Found a staircase to the Crypt.
 37761 | Vaults:3 | Reached XP level 23. HP: 152/152 MP: 35/35
 37798 | Vaults:3 | Found Jociewn's Magic Scroll Boutique.
 37913 | Vaults:3 | Found a flickering gateway to a bazaar.
 37919 | Bazaar   | Entered a bazaar
 37919 | Bazaar   | Found Tovuupoc's Assorted Antiques.
 37919 | Bazaar   | Found Bidyha's Distillery.
 37920 | Bazaar   | Found Egiur's Antique Weapon Boutique.
 37921 | Bazaar   | Found Ypnam's General Store.
 37921 | Bazaar   | Found Ynnonon's Assorted Antiques.
 37929 | Bazaar   | Found Maot's Book Boutique.
 37952 | Bazaar   | Bought a scroll of acquirement for 728 gold pieces
 37952 | Bazaar   | Acquired 997 gold pieces
 37956 | Bazaar   | Bought a steaming leather armour for 84 gold pieces
 37956 | Bazaar   | Identified the +1 leather armour of Xoxkella {rCorr MP+9}
                  | (You bought it in a shop in a bazaar)
 38091 | Vaults:3 | Found Heanlus's General Store.
 38846 | Vaults:4 | Noticed Xtahua
 38850 | Vaults:4 | Killed Xtahua
 39823 | Vaults:5 | Entered Level 5 of the Vaults
 40064 | Vaults:5 | Reached skill level 24 in Stealth
 40117 | Vaults:5 | Identified the +6 long sword of Gallantry {pain, *Noise
                  | rPois Will+}
 40226 | Vaults:5 | Identified the +7 shortbow "Dikeuty" {flame, Contam Dex+2
                  | SInv}
 40245 | Vaults:5 | Got the Directory of Reformation and Ice
 40272 | Vaults:5 | Reached XP level 24. HP: 127/159 MP: 36/36
 40446 | Vaults:5 | Identified the +4 plate armour of Ethereal Curiosity {Str+3
                  | Stlth+}
 40540 | Vaults:5 | Noticed a dread lich
 40544 | Vaults:5 | Killed a dread lich
 40552 | Vaults:5 | Noticed an ancient lich
 40559 | Vaults:5 | Killed an ancient lich
 40803 | Vaults:5 | Got the Quarto of the Nexus
 40870 | Vaults:5 | Identified the +9 shortbow of Death's Door {elec, Dex+3}
 40887 | Vaults:5 | Identified the +1 ring mail "Zimpih" {Contam Rampage
                  | Regen+}
 41326 | Vaults:5 | Noticed a golden dragon
 41328 | Vaults:5 | Killed a golden dragon
 41336 | Vaults:5 | Identified the ring "Loanut" {rElec rN+++ MP+9 EV+5 Dex-2}
 41339 | Vaults:5 | Got a silver rune of Zot
 41341 | Vaults:5 | Identified the +3 shortbow of the Orcish Mines {flame, rF+}
 41412 | Vaults:5 | Got Sif Muna's Excursus on Ectoplasm and Arcane Weapons
 41535 | Vaults:5 | Identified the +7 scale mail of Waileehy {rElec Slay+2
                  | SInv}
 41924 | Slime:1  | Entered Level 1 of the Pits of Slime
 42571 | Slime:2  | Reached skill level 15 in Shields
 42926 | Slime:1  | Reached XP level 25. HP: 158/166 MP: 36/36
 43679 | Slime:4  | Gained mutation: Your muscles are strong. (Str +4, Int/Dex
                  | -1) [a shining eye]
 44204 | Slime:5  | Entered Level 5 of the Pits of Slime
 44301 | Slime:5  | Noticed the Royal Jelly
 44302 | Slime:5  | Found a viscous altar of Jiyva.
 44306 | Slime:5  | Killed the Royal Jelly
 44307 | Slime:5  | Reached skill level 25 in Stealth
 44763 | Slime:5  | Got a slimy rune of Zot
 44796 | Slime:5  | Identified the ring "Apru" {rPois rN+ MP+9}
 45188 | Slime:5  | Identified the +5 scale mail of the Pure Riding Seas
                  | {Regen+ Str-3 Int+5}
 45732 | Depths:1 | Entered Level 1 of the Depths
 45787 | Depths:1 | Found a gateway to Hell.
 46116 | Elf:1    | You paid a toll of +3 ice dragon scales to enter a treasure
                  | trove
 46117 | Trove    | Entered a treasure trove
 46124 | Trove    | Identified the +1 pair of boots of the Charming Gods {rElec
                  | rPois rF-}
 46125 | Trove    | Found the +0 pair of fencer's gloves {Riposte Dex+3}
 46130 | Trove    | Identified the +1 leather armour of Liberalism {rPois
                  | Str+4}
 46135 | Trove    | Identified the +0 pair of boots "Lousk" {Rampage Stlth+}
 46138 | Trove    | Identified the +9 crystal plate armour of the Bellicose
                  | Cicada {-Tele rElec Dex+5}
 46139 | Trove    | Identified the +0 pair of boots of Qazlal's Envy {+Inv
                  | rPois rF- Dex+2}
 46140 | Trove    | Identified the +1 pair of boots "Boedwoh" {rF+ rC- rCorr
                  | Slay+2}
 46479 | Depths:1 | Found Kaskazam's Book Emporium.
 46479 | Depths:1 | Found Titz's Book Emporium.
 46480 | Depths:1 | Found Bofut's Jewellery Boutique.
 46541 | Depths:1 | Reached skill level 1 in Evocations
 46620 | Depths:1 | Noticed a caustic shrike
 46627 | Depths:1 | Killed a caustic shrike
 46797 | Depths:1 | Found a sparkling altar of Nemelex Xobeh.
 47140 | Depths:1 | Noticed a caustic shrike
 47146 | Depths:1 | Killed a caustic shrike
 47147 | Depths:1 | Reached XP level 26. HP: 171/173 MP: 36/36
 47327 | Depths:1 | Identified the ring "Paskyru" {rF- Str+2 Dex+3 SInv}
 47463 | Depths:2 | Reached skill level 5 in Evocations
 47739 | Depths:2 | Found a runed translucent door.
 48224 | Depths:2 | Found Izocu's General Store.
 48339 | Depths:2 | Found a runed translucent door.
 48391 | Depths:2 | Noticed a juggernaut
 48400 | Depths:2 | Killed a juggernaut
 48523 | Depths:3 | Found an ancient bone altar of Kikubaaqudgha.
 48540 | Depths:3 | Found a one-way gate to the infinite horrors of the Abyss.
 48570 | Depths:3 | Found Zap Li Nin's Jewellery Shoppe.
 48598 | Depths:3 | Found Ritehimi's Assorted Antiques.
 48997 | Depths:3 | Noticed the Enchantress
 49005 | Depths:3 | Reached skill level 26 in Stealth
 49005 | Depths:3 | Killed the Enchantress
 49112 | Depths:3 | Identified the +1 chain mail "Toisilam" {rElec MP+9 Int+7
                  | Dex-4}
 49194 | Depths:4 | Entered Level 4 of the Depths
 49328 | Depths:4 | Reached XP level 27. HP: 180/180 MP: 37/37
 49388 | Depths:4 | Found a one-way gateway to a ziggurat.
 49584 | Depths:4 | Reached skill level 10 in Evocations
 50365 | Depths:4 | Noticed a juggernaut
 50371 | Depths:4 | Killed a juggernaut
 50570 | Depths:3 | Found Ruot's Armour Emporium.
 50776 | Depths:3 | Found Huikis's Weapon Shop.
 50962 | Depths:3 | Found Ecekod's Antique Weapon Shoppe.
 51340 | Depths:4 | Found a gate to the Realm of Zot.
 51403 | Depths:4 | Identified the +3 chain mail "Firghim" {+Blink rF- Int+2}
 52691 | Zot:1    | Entered Level 1 of the Realm of Zot
 52910 | Zot:1    | Noticed an orb of fire
 52912 | Zot:1    | Killed an orb of fire
 53075 | Zot:1    | You fall into a shaft and drop 1 floor!
 54143 | Zot:2    | Reached skill level 27 in Stealth
 54414 | Zot:1    | Noticed Parghit
 54417 | Zot:1    | Killed Parghit
 56554 | Zot:4    | Acquired 889 gold pieces
 57187 | Zot:5    | Entered Level 5 of the Realm of Zot
 57562 | Zot:5    | Noticed an ancient lich
 57573 | Zot:5    | Killed an ancient lich
 57604 | Zot:5    | Noticed an ancient lich
 57607 | Zot:5    | Killed an ancient lich
 57621 | Zot:5    | Noticed an ancient lich
 57627 | Zot:5    | Killed an ancient lich
 57628 | Zot:5    | Reached skill level 15 in Evocations
 57722 | Zot:5    | Noticed an ancient lich
 57724 | Zot:5    | Noticed a Killer Klown
 57729 | Zot:5    | Killed an ancient lich
 57730 | Zot:5    | Killed a Killer Klown
 57859 | Zot:5    | Noticed an orb of fire
 57859 | Zot:5    | Noticed a dread lich
 57859 | Zot:5    | Noticed an ancient lich
 57864 | Zot:5    | Killed an orb of fire
 57869 | Zot:5    | Noticed a Killer Klown
 57870 | Zot:5    | Killed an ancient lich
 57870 | Zot:5    | Killed a dread lich
 57896 | Zot:5    | Killed a Killer Klown
 58024 | Zot:5    | Noticed an ancient lich
 58025 | Zot:5    | Noticed an ancient lich
 58033 | Zot:5    | Killed an ancient lich
 58045 | Zot:5    | Killed an ancient lich
 58054 | Zot:5    | Noticed an orb of fire
 58055 | Zot:5    | Gained mutation: You are dopey. (Int -2) [an orb of fire]
 58058 | Zot:5    | Killed an orb of fire
 58443 | Zot:5    | Got the Orb of Zot
 58902 | D:14     | Gained mutation: You are partially covered in large bone
                  | plates. (SH +4) [a cacodemon]
 59085 | D:10     | Noticed Xamavut the pandemonium lord
 59086 | D:10     | Killed Xamavut the pandemonium lord
 59251 | D:1      | Noticed Pobbinall the pandemonium lord
 59296 | D:$      | Escaped with the Orb!

Illustrated notes

Levels and vault maps discovered:
D:1:      dpeg_arrival_arbitrary_c, layout_rooms
D:2:      layout_basic, minmay_misc_feat_doors, uniq_terence, uniq_jessica,
          uniq_robin
D:3:      layout_loops_ring, minmay_misc_feat_tower, serial_bayou_pond_b
D:4:      layout_loops_corners, minmay_temple_entry_mini_moons,
          gammafunk_ghost_mausoleum, guppyfry_shop_venom
D:5:      gammafunk_wand_slinger, layout_basic, hangedman_decor_riveting,
          kennysheep_boxes
D:6:      layout_basic, nicolae_ossuary_entry_catacombs,
          minmay_increasing_density, uniq_pikel
D:7:      layout_layer_cave, zin_statuary, elyvilon_altar_5, serial_shops,
          nicolae_diamond_shop, minmay_misc_feat_cross
D:8:      layout_loops_ring, nicolae_overflow_hidden_temple, serial_shops,
          nicolae_shop_waterfront, nicolae_wooded_promenade,
          chequers_serial_rivers_micro_e
D:9:      layout_rooms
D:10:     cheibrodos_grave_circle, layout_basic
D:11:     layout_irregular_city, hellmonk_lair_entry_icy, hiddenorc1_lemuel
D:12:     layout_loops_cross, uniq_kirke, uniq_jorgrun
D:13:     layout_cave_pods
D:14:     layout_basic, david_vaults_4, serial_undead, serial_undead_e,
          serial_undead_c, serial_undead_c, serial_undead_d, serial_undead_d,
          serial_undead_e, serial_undead_c, gauntlet_entry_generic
D:15:     grunt_enter_depths_magical_seal, layout_gridville, serial_shops, shop,
          uniq_louise
Temple:   compressed_dpeg_circular_temple
Lair:1:   layout_regular_city, patterned_corridor, uniq_maggie
Lair:2:   layout_cave_pods, nicolae_swamp_entry_spooky,
          hellmonk_spider_entry_life_and_decay, serial_bayou,
          serial_bayou_ford_a, serial_bayou_pond_e, serial_bayou_shore_b,
          serial_bayou_shore_b, nicolae_quartered_pool_little,
          small_statue_intersection, chequers_serial_rivers_micro_b,
          grunt_megastairs_2, infiniplex_staircase_pool_2
Lair:3:   layout_big_grid, eino_house_with_fridge, grunt_megastairs_4,
          uniq_nessos
Lair:4:   layout_long_grid, tgw_fedhas
Lair:5:   evilmike_catoblepas_cave, layout_loops_ring, slime_entry_1
Swamp:1:  layout_basic_swamp, evilmike_swamp_ruin_wall,
          infiniplex_staircase_pool, uniq_aizul
Swamp:2:  layout_falls_marsh, evilmike_swamp_ruin_house_1, swamp_pool5
Swamp:3:  layout_basic_swamp, gammafunk_ghost_arena,
          evilmike_swamp_ruin_rubble_2, nicolae_swamp_super_fun_site
Swamp:4:  nzn_swamp_witches_coven, layout_basic_swamp, uniq_donald
Spider:1: layout_spider_delve, nicolae_spider_rock_and_or_roll, uniq_nikola,
          uniq_josephine
Spider:2: layout_spider_delve
Spider:3: layout_spider_delve
Spider:4: johnstein_spider_rune_arachne_lair, worms_lemuel
Slime:1:  layout_caves
Slime:2:  layout_caves, cheibrodos_slime_lost_civilization_5
Slime:3:  layout_caves
Slime:4:  layout_caves
Slime:5
Orc:1:    layout_caves, basic_altar, serial_shops, shop,
          minmay_shop_enchanted_jewellery, nicolae_orc_lost_temple
Orc:2:    pf_orc_diabolical, layout_caves, enter_volcano_3, serial_shops,
          nicolae_lakefront_shop, basic_altar
Elf:1:    nicolae_elf_arrival_fired_up, layout_gridlike,
          nicolae_trove_entry_diagonal, serial_shops, nicolae_square_shop,
          basic_altar, minmay_elf_necromancy, grunt_megastairs_3, uniq_azrael
Elf:2:    elven_hall_of_blades_hangedman_original
          [nicolae_blade_entry_antechamber], layout_loops_cross, uniq_zenata
Elf:3:    minmay_elf_hall_x, layout_gridlike, serial_shops, shop
Vaults:1: st_cross, nicolae_vaults_little_squares_4, v_pattern_3,
          grunt_vaults_focal, hangedman_vaults_corner, v_rooms_3,
          vaults_room_fours, vaults_room_corners, hangedman_vaults_unwind,
          v_misc_16, hangedman_vaults_stretched_pinwheel,
          nicolae_vaults_circle_grid_a, layout_vaults_omnicross, serial_shops,
          nicolae_shop_advertising_works [nicolae_subvault_shop_adworks]
Vaults:2: nicolae_vaults_three_branches, v_misc_15, grunt_vaults_twisty,
          hangedman_vaults_stitches, minmay_crypt_entry_skeletal_spiral,
          vaults_room_fancy_cross, vaults_dpeg_emergency_exit,
          hangedman_vaults_capsules, ontoclasm_vaults_decontamination,
          layout_vaults_quadrants, serial_shops, shop, uniq_mennas
Vaults:3: v_misc_22, vaults_dpeg_hooks, st_spiral_rooms, v_rooms_1,
          nicolae_vaults_specimen_jars, layout_vaults_maze_bifur, serial_shops,
          bzr_entry_lakeside, shop, shop
Vaults:4: nicolae_vaults_network_square, v_misc_30, vaults_mumra_minichess,
          vaults_standard_mumra_enter_the_diamond, v_misc_11,
          nicolae_vaults_little_squares_6, grunt_vaults_hallway_short,
          nicolae_vaults_mini_display_case, layout_vaults_big_room, uniq_xtahua
Vaults:5
Depths:1: minmay_sliced_demisemicircle, layout_basic, grunt_pan_entry_spiral,
          hell_entry, nemelex_xobeh_ov_fountains_minmay, grunt_megastairs_5,
          minmay_shop_grove
Depths:2: minmay_expanding_circles, layout_basic, hell_entry, pan_entry,
          serial_shops, nicolae_inconvenience_store,
          chequers_serial_rivers_small_a, serial_bayou_shore_b,
          infiniplex_staircase_pool_lava
Depths:3: grunt_forest_end_chambers, layout_gridlike, serial_shops,
          nicolae_shop_behind_doors, nicolae_shop_waterfront, shop,
          nicolae_shop_window_shopping, shop, chequers_serial_rivers_micro_b,
          abyss_entry, grunt_hell_horde, lemuel_zombie_altar_kikubaaqudgha
Depths:4: lemuel_castle_with_subvaults [lemuel_castle_interior_carwin_2],
          layout_gridlike, enter_ziggurat_e, grunt_decor_junction, hell_entry
Zot:1:    layout_gridlike, uniq_josephina, uniq_parghit
Zot:2:    kennysheep_blocky_room, layout_gridville
Zot:3:    layout_onion_interference
Zot:4:    layout_cathedral_of_symmetry
Zot:5:    layout_onion

Skill      XL: |  1  2  3  4  5  6  7  8  9 10 11 12 13 14 15 16 17 18 19 20 21 22 23 24 25 26 27 |
---------------+----------------------------------------------------------------------------------+-----
Short Blades   | 3 4 5 6 7 8 10 11 13 14 15 16 17 18 19 20 21 22 23 25 | 25.5
Dodging        | 3 4 5 6 8 9 10 12 14 16 17 18 19 20 21 22 23 25 | 25.4
Stealth        | 7 8 9 10 11 12 14 15 16 17 18 19 20 21 22 23 24 25 26 27 | 27.0
Fighting       | 4 5 6 7 9 10 11 13 14 15 16 17 18 19 20 22 | 22.1
Invocations    | 1 3 6 7 8 9 10 11 12 13 14 15 16 17 18 19 20 21 | 21.8
Shields        | 5 6 7 8 9 10 12 13 14 15 16 17 | 17.5
Evocations     | 4 9 16 | 16.7

Action                   |  1- 3 |  4- 6 |  7- 9 | 10-12 | 13-15 | 16-18 | 19-21 | 22-24 | 25-27 || total
-------------------------+-------+-------+-------+-------+-------+-------+-------+-------+-------++-------
Melee: Short sword       |    19 |    49 |       |       |       |       |       |       |       ||    68
       Dagger            |       |    71 |   412 |    32 |       |       |       |       |       ||   515
       Punch             |       |     1 |    15 |     5 |     1 |       |       |       |       ||    22
       Rapier            |       |       |       |   379 |   313 |   780 |   667 |   708 |  1249 ||  4096
Throw: Dart              |       |       |    14 |       |       |       |       |       |       ||    14
Invok: Line Pass         |       |       |     1 |       |       |     1 |     1 |       |     7 ||    10
       Grand Finale      |       |       |       |     1 |       |       |     2 |     2 |     7 ||    12
       Stomp             |       |       |       |       |       |       |       |       |     1 ||     1
Evoke: Condenser vane    |       |       |       |       |       |     1 |       |       |       ||     1
  Use: Scroll            |     2 |     4 |     1 |    15 |     7 |    11 |     3 |     4 |    18 ||    65
       Potion            |       |       |       |     1 |     4 |     4 |       |     2 |    11 ||    22
 Stab: Sleeping          |     9 |    38 |    20 |    45 |    58 |   109 |   112 |   133 |   178 ||   702
       Distracted        |       |     2 |     2 |     4 |     2 |    26 |    13 |    16 |    29 ||    94
       Paralysed         |       |       |     7 |    24 |    22 |    53 |    55 |    84 |   133 ||   378
       Confused          |       |       |     1 |       |       |     1 |     1 |       |     4 ||     7
Armor: Leather armour    |     2 |    21 |    36 |    46 |    13 |     5 |       |       |       ||   123
       Skin              |       |       |    10 |     7 |       |       |       |       |       ||    17
       Troll leather arm |       |       |       |       |       |    48 |    53 |    21 |    51 ||   173
Dodge: Dodged            |     5 |    72 |   197 |   362 |   185 |   567 |   385 |   242 |   609 ||  2624
Block: Buckler           |       |       |       |       |       |   227 |    61 |       |       ||   288
       Kite shield       |       |       |       |       |       |       |   205 |   260 |   512 ||   977

Table legend: (Time is in decaauts)
 A = Elapsed time spent in this place.
 B = Non-inter-level travel time spent in this place.
 C = Inter-level travel time spent in this place.
 D = Time resting spent in this place.
 E = Time spent auto-exploring this place.
 F = Levels seen in this place.
 G = Mean time per level.
                   A        B        C        D        E       F      G
               +--------+--------+--------+--------+--------+-----+--------+
         Total |  57563 |  50149 |   7414 |   1046 |  38655 |  58 |  992.5 |
       Dungeon |  16179 |  13509 |   2670 |    105 |  10723 |  15 | 1078.6 |
        Temple |    164 |    104 |     60 |      0 |     84 |   1 |  164.0 |
          Lair |   6294 |   4804 |   1490 |      4 |   4001 |   5 | 1258.8 |
         Swamp |   2654 |   2421 |    233 |      8 |   1903 |   4 |  663.5 |
   Spider Nest |   4126 |   3793 |    333 |    243 |   2517 |   4 | 1031.5 |
    Slime Pits |   3449 |   3159 |    290 |    138 |   2254 |   5 |  689.8 |
  Orcish Mines |   1927 |   1593 |    334 |      0 |   1271 |   2 |  963.5 |
   Elven Halls |   3263 |   2902 |    361 |      0 |   2242 |   3 | 1087.7 |
        Vaults |   6794 |   6222 |    572 |      0 |   5003 |   5 | 1358.8 |
        Depths |   5870 |   5116 |    754 |    340 |   3734 |   4 | 1467.5 |
           Zot |   5781 |   5469 |    312 |    169 |   4549 |   5 | 1156.2 |
         Abyss |    154 |    154 |      0 |      0 |    104 |   1 |  154.0 |
        Bazaar |     70 |     70 |      0 |      0 |     19 |   1 |   70.0 |
         Trove |    100 |    100 |      0 |      0 |      5 |   1 |  100.0 |
       Ossuary |    470 |    470 |      0 |     38 |    108 |   1 |  470.0 |
       Volcano |    263 |    263 |      0 |      0 |    135 |   1 |  263.0 |
               +--------+--------+--------+--------+--------+-----+--------+

Top non-repeatable levels by time:
Depths:4: 2379 daAuts
  Lair:2: 1940 daAuts
Vaults:5: 1722 daAuts
Spider:4: 1660 daAuts
Vaults:2: 1530 daAuts
    D:14: 1524 daAuts
    D:11: 1502 daAuts
     D:5: 1429 daAuts
Vaults:1: 1414 daAuts
     D:6: 1387 daAuts
  Lair:1: 1331 daAuts
     D:4: 1322 daAuts
    D:15: 1322 daAuts
   Orc:2: 1286 daAuts
   Zot:2: 1284 daAuts
